 Dungeon Crawl Stone Soup version 0.29.1-12-g30fa7ad0bf (webtiles) character file.

Game seed: 9417905845833688646

26 Peloso the Covered (level 2, 0/27 HPs)
             Began as a Minotaur Fighter on Dec 13, 2022.
             Slain by Terence
             ... wielding a +0 mace
              (4 damage)
             ... on level 2 of the Dungeon.
             The game lasted 00:01:36 (945 turns).

Peloso the Covered (Minotaur Fighter)                Turns: 945, Time: 00:01:39

Health: 0/27       AC: 11    Str: 20    XL:     2   Next: 89%
Magic:  1/1        EV:  5    Int:  5    God:
Gold:   53         SH:  4    Dex:  9    Spells: 1/1 levels left

rFire   . . .      SeeInvis .   a - +0 long sword
rCold   . . .      Faith    .   c - +0 buckler
rNeg    . . .      Spirit   .   e - +0 plate armour
rPois   .          Reflect  .   (helmet restricted)
rElec   .          Harm     .   (no cloak)
rCorr   .          Rampage  .   (no gloves)
Will    .....                   (no boots)
Stlth   ..........              (no amulet)
HPRegen 0.09/turn               h - ring of flight
MPRegen 0.07/turn               (no ring)

@: mighty, flying
A: horns 2, retaliatory headbutt
a: no special abilities


You were on level 2 of the Dungeon.
You visited 1 branch of the dungeon, and saw 2 of its levels.

You collected 53 gold pieces.

Inventory:

Hand Weapons
 a - a +0 long sword (weapon)
Armour
 b - a +0 scale mail
 c - a +0 buckler (worn)
 e - a +0 plate armour (worn)
Jewellery
 h - a ring of flight (left hand)
 l - a ring of fire
Scrolls
 f - 2 scrolls of identify
 g - a scroll of amnesia
 i - a scroll of enchant armour {unknown}
 j - a scroll of magic mapping {unknown}


   Skills:
 + Level 4.1 Fighting
 + Level 2.6 Long Blades
 + Level 4.1 Armour
 + Level 4.0 Shields


You had one spell level left.
You didn't know any spells.
Your spell library was empty.

Dungeon Overview and Level Annotations

Branches:
Dungeon (2/15)

Altars:

Annotations:
D:2 Natasha, Terence


Innate Abilities, Weirdness & Mutations

You have a pair of horns on your head.
You reflexively headbutt those who attack you in melee.


Message History

Terence hits you but does no damage.
You barely miss Terence.
Terence is severely wounded.
The kobold hits you but does no damage. Terence hits you with a +0 mace.
You hit Terence but do no damage.
Terence is severely wounded.
Terence hits you but does no damage. The kobold hits you with a +0 dagger.
Natasha, Servant of Life and Death comes into view.
You barely miss Terence.
Terence is severely wounded.
You block Terence's attack. The kobold hits you but does no damage.
Terence hits you with a +0 mace.
* * * LOW HITPOINT WARNING * * *
The kobold hits you but does no damage.
You closely miss Terence.
Terence is severely wounded.
The kobold barely misses you. Terence barely misses you.
You closely miss Terence.
Terence is severely wounded.
Terence completely misses you. The kobold barely misses you.
You hit Terence but do no damage.
Terence is severely wounded.
Terence hits you with a +0 mace.
* * * LOW HITPOINT WARNING * * *
The kobold hits you but does no damage.
Unknown command.
You aren't carrying any items that you can evoke.
You aren't carrying any items that you can evoke.
Unknown command.
You feel very mighty all of a sudden. You block Terence's attack.
The kobold hits you but does no damage.
A quokka comes into view.
You hit Terence. Your headbutt misses Terence.
Terence is severely wounded.
Terence hits you with a +0 mace.
* * * LOW HITPOINT WARNING * * *
The kobold completely misses you.
The quokka bites you but does no damage.
Terence hits you with a +0 mace.
You die...

#.....#.# #.....)
#.[...#.# #......
#.....#'######......
#............#......
#............#......
#............#....†.
#............#....†.
##.r..........#####'#
#..K@.........# #..
#..@###.......# ###
#..h #.......# #...
####..### #... #..#
#... #.# #.r. #...


You could see Terence, Natasha, 2 quokkas and a kobold.

Vanquished Creatures
  An orc (D:2)
  2 ball pythons
  4 endoplasms
  3 hobgoblins (D:1)
  A quokka (D:2)
  3 bats
  4 goblins
  3 kobolds (D:1)
  A rat (D:1)
22 creatures vanquished.

Notes
Turn   | Place    | Note
-------+----------+-------------------------------------------
     0 | D:1      | Peloso the Minotaur Fighter began the quest for the Orb.
     0 | D:1      | Reached XP level 1. HP: 19/19 MP: 0/0
   249 | D:1      | Reached XP level 2. HP: 24/27 MP: 1/1
   919 | D:2      | Noticed Terence
   939 | D:2      | Noticed Natasha
   945 | D:2      | Slain by Terence

Illustrated notes

Levels and vault maps discovered:
D:1:      dpeg_arrival_line_fractal, layout_rooms, minmay_statues_item
D:2:      cheibrodos_greedy_goblins, layout_basic,
          hellmonk_ecumenical_altar_crossroads, uniq_terence, uniq_natasha

Skill      XL: |  1  2 |
---------------+-------+-----
Armour         | 4 |  4.1
Fighting       | 4 |  4.1
Shields        | 4 |  4.0
Long Blades    | |  2.6

Action                   || total
-------------------------++-------
Melee: Long sword        ||    61
       Headbutt          ||    10
  Use: Scroll            ||     2
       Potion            ||     2
Armor: Scale mail        ||    15
       Plate armour      ||    28
Dodge: Dodged            ||    32
Block: Buckler           ||    14
